 Dungeon Crawl Stone Soup version 0.30.0-18-gc0e69614cb (webtiles) character file.

Game seed: 8922671617780374676

2923 Kranky the Ruffian (level 9, -23/89 HPs)
             Began as a Troll Warper on May 23, 2023.
             Was a Believer of Wu Jian.
             Annihilated by a boulder beetle (47 damage)
             ... on level 7 of the Dungeon on May 24, 2023.
             The game lasted 00:10:20 (5043 turns).

Kranky the Ruffian (Troll Warper)                   Turns: 5043, Time: 00:10:21

Health: -23/89     AC:  9    Str: 21    XL:     9   Next: 50%
Magic:  9/9        EV: 11    Int: 13    God:    Wu Jian [**....]
Gold:   273        SH:  5    Dex:  9    Spells: 10/10 levels left

rFire   . .          .
                       - Unarmed
rCold   . . .        (no shield)
rNeg    . . .        a - +0 robe
rPois   .            (helmet restricted)
rElec   .            z - +0 cloak
rCorr   .            (gloves unavailable)
SInv    .            (boots unavailable)
Will    .....        m - amulet of reflection
Stlth   +            g - +4 ring of protection
HPRegen 1.14/turn    (no ring)
MPRegen 0.11/turn

%: reflection
@: no status effects
A: large, unfitting armour, claws 3, regeneration 1, shaggy fur 1, tough skin 1
a: Renounce Religion, Wall Jump


You were on level 7 of the Dungeon.
You worshipped Wu Jian.
Wu Jian was pleased with you.
You visited 1 branch of the dungeon, and saw 7 of its levels.

You collected 273 gold pieces.

Inventory:

Missiles
 c - 9 boomerangs of dispersal (quivered)
 i - a throwing net
 n - a boomerang
 E - 7 poisoned darts
Armour
 a - a +0 robe (worn)
 z - a +0 cloak (worn)
Jewellery
 g - a +4 ring of protection (left claw)
 m - an amulet of reflection (around neck)
 x - a +4 ring of slaying
Wands
 u - a wand of mindburst (21)
 w - a wand of iceblast (11)
Scrolls
 b - 3 scrolls of blinking
 e - 4 scrolls of enchant armour {unknown}
 f - 5 scrolls of identify {unknown}
 h - a scroll of magic mapping {unknown}
 l - 3 scrolls of poison {unknown}
 r - 4 scrolls of teleportation {unknown}
 s - a scroll of vulnerability {unknown}
 v - a scroll of enchant weapon {unknown}
 y - 2 scrolls of amnesia {unknown}
 C - a scroll of fear {unknown}
Potions
 d - 2 potions of flight {unknown}
 j - 3 potions of curing
 k - a potion of ambrosia {unknown}
 o - a potion of resistance {unknown}
 p - 2 potions of berserk rage {unknown}
 q - 2 potions of attraction {unknown}
 t - 2 potions of haste {unknown}
 A - 2 potions of lignification {unknown}
 B - 2 potions of heal wounds {unknown}
 D - a potion of brilliance {unknown}


   Skills:
 + Level 5.7 Fighting
 - Level 0.8 Throwing
 + Level 5.3 Armour
 + Level 5.8 Dodging
 + Level 6.9 Unarmed Combat
 - Level 1.2 Spellcasting
 - Level 2.1 Translocations


You had 10 spell levels left.
You didn't know any spells.
Your spell library contained the following spells:

 Spells                   Type           Power      Damage    Failure   Level
 Blink                    Tloc           12%        N/A       17%         2
 Lesser Beckoning         Tloc           12%        N/A       17%         2
 Magic Dart               Conj           0%         1d3       28%         1
 Teleport Other           Tloc           6%         N/A       32%         3
 Poisonous Vapours        Pois/Air       0%         N/A       38%         2
 Searing Ray              Conj           0%         2d4       38%         2
 Vhi's Electric Charge    Tloc/Air       6%         N/A       47%         3
 Mephitic Cloud           Conj/Pois/Air  0%         N/A       63%         3
 Manifold Assault         Tloc           6%         N/A       73%         4
 Fulminant Prism          Conj/Hex       0%         3d5       95%         4
 Freezing Cloud           Conj/Ice/Air   0%         6-21      100%        5


Dungeon Overview and Level Annotations

Branches:
Dungeon (7/15)             Temple (0/1) D:6

Altars:
Ashenzari
Cheibriados
Trog
Wu Jian

Shops:
D:3 :   D:4 ?

Annotations:
D:5 1 runed translucent door, Crazy Yiuf
D:7 1 transporter, exclusion: ice statue


Innate Abilities, Weirdness & Mutations

You are too large for most types of armour.
You have claws for hands.
Your natural rate of healing is unusually fast.
You are covered in fur. (AC +1)
You have tough skin. (AC +1)


Message History

You scratch the boulder beetle but do no damage.
The boulder beetle is heavily wounded.
The boulder beetle closely misses you.
You claw the boulder beetle!
The boulder beetle is heavily wounded.
The boulder beetle bites you!!
You barely miss the boulder beetle.
The boulder beetle is heavily wounded.
The boulder beetle bites you.
You scratch the boulder beetle but do no damage.
The boulder beetle is heavily wounded.
The boulder beetle barely misses you.
You claw the boulder beetle!
The boulder beetle is severely wounded.
You block the boulder beetle's attack.
You barely miss the boulder beetle.
The boulder beetle is severely wounded.
You scratch the boulder beetle but do no damage.
The boulder beetle is severely wounded.
The boulder beetle bites you but does no damage.
You scratch the boulder beetle.
The boulder beetle is severely wounded.
The boulder beetle bites you!
You claw the boulder beetle!
You claw the boulder beetle, but do no damage.
The boulder beetle is almost dead.
The boulder beetle barely misses you.
You scratch the boulder beetle but do no damage.
The boulder beetle is almost dead.
The boulder beetle bites you!!
* * * LOW HITPOINT WARNING * * *
You scratch the boulder beetle but do no damage.
The boulder beetle is almost dead.
The boulder beetle leaps!
The boulder beetle curls into a ball and begins rolling!
You scratch the boulder beetle but do no damage.
The boulder beetle is severely wounded.
The boulder beetle hits you!!!
Ouch! That really hurt!
You die...

#.......# #..# #.......#
#..## #....... #...#
#...... ##.#.#
####...).#####..#.#
...............##.#
###........#####.#
#.......B.## #.###
#......○#@.###>..##
..........B###..####..#
###.......°..##..####.#
##.......○......###.#####
.........B..............#
..................<......#
##....#....©............[.#
#.##....#####............#
#..o##...........#


You could see a boulder beetle (rolling).

Vanquished Creatures
  Grinder (D:4)
  Eustachio (D:5)
  2 water moccasins
  Duvessa (D:5)
  An orc warrior (D:6)
  A black bear (D:5)
  A sky beast (D:7)
  An ogre (D:5)
  3 ice beasts
  A centaur (D:7)
  2 phantoms
  A kobold brigand (D:6)
  A bullfrog (D:4)
  8 scorpions
  Dowan (D:5)
  3 hounds
  3 orc priests
  2 gnoll boudas (D:6)
  4 iguanas
  A sleepcap (D:5)
  2 orc wizards
  Ijyb (D:4)
  7 gnolls
  12 adders
  A shadow imp (D:6)
  2 white imps (D:6)
  3 ufetubi (D:5)
  3 worms
  3 dart slugs
  17 orcs
  5 endoplasms
  2 giant cockroaches
  9 goblins
  3 hobgoblins
  11 jackals
  5 quokkas
  9 ball pythons
  6 bats
  3 frilled lizards
  9 kobolds
  4 rats
156 creatures vanquished.

Notes
Turn   | Place    | Note
-------+----------+-------------------------------------------
     0 | D:1      | Kranky the Troll Warper began the quest for the Orb.
     0 | D:1      | Reached XP level 1. HP: 19/19 MP: 1/1
     0 | D:1      | Upgraded the game from 0.30.0-17-ge0270778cf to
                  | 0.30.0-18-gc0e69614cb
     1 | D:1      | Found a broken altar of Ashenzari.
    33 | D:1      | Reached XP level 2. HP: 5/28 MP: 2/2
   539 | D:2      | Reached XP level 3. HP: 28/35 MP: 3/3
   581 | D:2      | Reached skill level 1 in Armour
   865 | D:2      | Reached XP level 4. HP: 42/42 MP: 4/4
  1479 | D:3      | Reached skill level 3 in Unarmed Combat
  1490 | D:3      | Reached XP level 5. HP: 21/50 MP: 5/5
  1630 | D:3      | Found Ululien's Book Emporium.
  1696 | D:3      | Found a faded altar of an unknown god.
  1696 | D:3      | Noticed a soul eater
  1808 | D:3      | Found a bloodstained altar of Trog.
  1917 | D:3      | Found a snail-covered altar of Cheibriados.
  2161 | D:4      | Noticed a phantom
  2177 | D:4      | Killed a phantom
  2194 | D:4      | Found an ornate altar of the Wu Jian Council.
  2216 | D:4      | Noticed Grinder
  2239 | D:4      | Paralysed by Grinder for 3 turns
  2245 | D:4      | Became a worshipper of the Wu Jian Council
  2251 | D:4      | Killed Grinder
  2252 | D:4      | Reached skill level 4 in Unarmed Combat
  2252 | D:4      | Reached XP level 6. HP: 61/61 MP: 6/6
  2287 | D:4      | Found The Oracle's Delphic Readings.
  2481 | D:4      | Reached XP level 7. HP: 64/67 MP: 7/7
  2527 | D:4      | Noticed Ijyb
  2545 | D:4      | Killed Ijyb
  2848 | D:5      | Entered Level 5 of the Dungeon
  2850 | D:5      | Noticed Duvessa
  2852 | D:5      | Noticed Dowan
  2875 | D:5      | Killed Duvessa
  2934 | D:5      | Killed Dowan
  3060 | D:5      | Reached skill level 5 in Unarmed Combat
  3060 | D:5      | Reached XP level 8. HP: 78/78 MP: 8/8
  3109 | D:5      | Reached * piety under Wu Jian
  3290 | D:5      | Noticed Eustachio
  3312 | D:5      | Killed Eustachio
  3612 | D:5      | Reached skill level 5 in Dodging
  3644 | D:5      | Reached skill level 6 in Unarmed Combat
  3728 | D:5      | Reached skill level 5 in Fighting
  4112 | D:5      | Found a runed translucent door.
  4113 | D:5      | Noticed Crazy Yiuf
  4191 | D:6      | Reached XP level 9. HP: 77/88 MP: 9/9
  4313 | D:6      | Reached ** piety under Wu Jian
  4431 | D:6      | Reached skill level 5 in Armour
  4698 | D:6      | Found a staircase to the Ecumenical Temple.
  4938 | D:7      | Noticed an ice statue
  4944 | D:7      | Found a transporter.
  5001 | D:7      | Noticed a boulder beetle
  5043 | D:7      | Annihilated by a boulder beetle

Illustrated notes

Levels and vault maps discovered:
D:1:      sevenhm_arrival_forest_fort_small_6, layout_rooms, minivault_14,
          bh_walls_and_bars
D:2:      layout_basic
D:3:      layout_loops_ring, kennysheep_slug_shrine, trog_butcher_becter,
          dreamdust_ecumenical_altar_sealed_demon, serial_shops, shop,
          minmay_misc_feat_encased
D:4:      layout_basic, mainiacjoe_overflow_chevrons,
          nicolae_nh_oracle_at_delphi, uniq_grinder, uniq_ijyb
D:5:      minmay_thinvault, layout_basic, uniq_duvessa, uniq_eustachio,
          uniq_crazy_yiuf_cottage
D:6:      layout_loops_ring, temple_statues
D:7:      layout_rooms, serial_shops, nicolae_shop_real_fake_doors,
          nzn_ghost_randoct

Skill      XL: |  1  2  3  4  5  6  7  8  9 |
---------------+----------------------------+-----
Dodging        | 2 3 4 5 |  5.8
Fighting       | 2 3 4 5 |  5.7
Armour         | 1 2 3 4 5 |  5.3
Unarmed Combat | 3 4 5 6 |  6.9
Throwing       | |  0.8
Spellcasting   | |  1.2
Translocations | |  2.1

Action                     |  1- 3 |  4- 6 |  7- 9 || total
---------------------------+-------+-------+-------++-------
  Melee: Unarmed           |    99 |   134 |   367 ||   600
         Punch             |     1 |     3 |    13 ||    17
Ability: Lunge             |       |     3 |    16 ||    19
         Whirlwind         |       |       |     1 ||     1
   Stab: Sleeping          |     1 |       |       ||     1
 Armour: Robe              |    50 |    34 |    92 ||   176
  Dodge: Dodged            |    43 |    46 |   124 ||   213
  Block: Other             |     5 |    25 |    57 ||    87
         Reflection        |       |     2 |     3 ||     5
